 Dungeon Crawl Stone Soup version 0.27.1-34-g3ba077fa99 (webtiles) character file.

Game seed: 1962290103926282453

318 chibimon the Grasshopper (level 6, -6/51 HPs)
             Began as a Draconian Warper on Jan 4, 2022.
             Was a Believer of Fedhas.
             Mangled by an orc wizard (11 damage)
             ... on level 3 of the Dungeon.
             The game lasted 00:13:18 (4112 turns).

chibimon the Grasshopper (Draconian Warper)         Turns: 4112, Time: 00:13:18

Health: -6/51      AC:  6    Str: 12 (13) XL:     6   Next: 21%
Magic:  10/10      EV: 12    Int: 15 (16) God:    Fedhas [**....]
Gold:   110        SH:  0    Dex:  9 (10) Spells: 6/11 levels left

rFire    . . .     SeeInvis .   a - +1 spear
rCold    . . .     Faith    .   (no shield)
rNeg     . . .     Spirit   .   (armour unavailable)
rPois    +         Reflect  .   (helmet restricted)
rElec    .         Harm     .   (no cloak)
rCorr    .         Rampage  .   (no gloves)
Will     .....                  (no boots)
Stlth    +.........             (no amulet)
HPRegen  0.17/turn              e - ring of poison resistance
MPRegen  0.12/turn              (no ring)

@: confused
A: AC +6, unfitting armour, cold-blooded
a: Renounce Religion, Wall of Briars


You were on level 3 of the Dungeon.
You worshipped Fedhas.
Fedhas was pleased with you.
You visited 1 branch of the dungeon, and saw 4 of its levels.

You collected 110 gold pieces.

Inventory:

Hand Weapons
 a - a +1 spear (weapon)
Missiles
 c - 5 boomerangs of dispersal (quivered)
 j - 6 datura-tipped darts
Jewellery
 e - a ring of poison resistance (left hand)
Scrolls
 b - a scroll of blinking
 f - a scroll of teleportation


   Skills:
 + Level 3.5 Fighting
 + Level 3.2 Polearms
 - Level 0.8 Throwing
 + Level 3.2 Dodging
 + Level 3.1 Spellcasting
 + Level 4.0 Translocations
 + Level 2.0 Invocations


You had 6 spell levels left.
You knew the following spells:

 Your Spells              Type           Power      Damage    Failure   Level
a - Blink                 Tloc           N/A        N/A       6%          2
b - Gell's Gravitas       Tloc           7%         N/A       12%         3

Your spell library contained the following spells:

 Spells                   Type           Power      Damage    Failure   Level
 Lesser Beckoning         Tloc           7%         N/A       12%         3
 Teleport Other           Tloc           14%        N/A       12%         3
 Animate Skeleton         Necr           4%         N/A       21%         1
 Slow                     Hex            2%         N/A       30%         2
 Confusing Touch          Hex            2%         N/A       52%         3
 Vampiric Draining        Necr           1%         2d6       52%         3
 Manifold Assault         Tloc           14%        N/A       71%         5


Dungeon Overview and Level Annotations

Branches:
Dungeon (4/15)
 Temple: D:4-7

Altars:
Fedhas
Gozag
Sif Muna
Xom
The Shining One

Annotations:
D:2 1 runed translucent door, Crazy Yiuf


Innate Abilities, Weirdness & Mutations

Your plain brown scales are hard. (AC +6)
You cannot fit into any form of body armour.
You are cold-blooded and may be slowed by cold attacks.


Message History

You are confused.
The orc completely misses you.
There is a stone staircase leading up here.
You're too confused to cast spells.
The orc hits you from afar with a +0 trident.
In your confused state, you trip and fall back down the stairs.
The orc barely misses you.
The orc hits you from afar with a +0 trident.
You can't go down here!
The orc hits you from afar with a +0 trident.
The orc hits you but does no damage.
The orc wizard hits you but does no damage.
You are electrocuted!
You climb upwards.
There is a stone staircase leading down here.
You are too injured to fight recklessly!
You are too injured to fight recklessly!
You hit the orc wizard.
The orc wizard is lightly wounded.
You feel less confused.
The orc wizard casts a spell.
The orc wizard flickers and vanishes!
Deactivating autopickup; reactivate with Ctrl-A.
You barely miss something. Something hits you but does no damage.
You miss something. Something hits you but does no damage.
You are electrocuted!
* * * LOW HITPOINT WARNING * * *
You hit something. Something hits you but does no damage.
You hit something. Something hits you but does no damage.
You are electrocuted!
* * * LOW HITPOINT WARNING * * *
Things that are here:
a +0 flail; a +0 flail You aren't carrying any potions.
You hear some strange, mumbled words.
You are confused.
You're too confused to move!
You miss something. Something hits you but does no damage.
You are electrocuted!
You die...
Fedhas appreciates your contribution to the ecosystem.

......###.#.# #.##..# #.#.#
....### #...# #.##..#####.#.#
....# ##..# ####..............
##### #..# #.#####.<##.##.#.#
##########..####.#####.###.##.#..
..........[>.).........# #.##.#..
################.####### #.##.#..
#....# #{# #.......
#....###@####### #....... ###
#..............# #....... #.#
#....#########.# ##...#.. #.#
###### #.# #.#.#.. #.# #.#
#...#.# #.# #.####...... #.#
#........... #####.# ##########..
......# ###


There were no monsters in sight!

Vanquished Creatures
  A phantom (D:4)
  2 jellies
  2 orc wizards (D:3)
  A gnoll (D:1)
  An adder (D:2)
  5 worms
  5 dart slugs
  9 orcs
  3 bats
  3 endoplasms
  5 giant cockroaches
  7 hobgoblins
  3 quokkas
  6 ball pythons
  2 frilled lizards (D:1)
  8 goblins
  8 kobolds
  3 rats
74 creatures vanquished.

Vanquished Creatures (others)
  An orc wizard (D:3)
  4 plants (D:4)
5 creatures vanquished.

Grand Total: 79 creatures vanquished

Notes
Turn   | Place    | Note
-------+----------+-------------------------------------------
     0 | D:1      | chibimon the Draconian Warper began the quest for the Orb.
     0 | D:1      | Reached XP level 1. HP: 17/17 MP: 3/3
   184 | D:1      | Reached XP level 2. HP: 25/25 MP: 5/5
   600 | D:1      | Found a faded altar of an unknown god.
   613 | D:1      | Got Plato's Papyrus of Unholy Arts
   664 | D:1      | Reached XP level 3. HP: 30/30 MP: 6/6
   676 | D:1      | Became a worshipper of Fedhas Madash
   676 | D:1      | Reached * piety under Fedhas
  1436 | D:2      | Reached XP level 4. HP: 34/37 MP: 7/7
  1492 | D:2      | Learned a level 2 spell: Blink
  1496 | D:2      | Learned a level 3 spell: Gell's Gravitas
  1899 | D:2      | Found a runed translucent door.
  1900 | D:2      | Noticed Crazy Yiuf
  1985 | D:2      | You fall into a shaft and drop 1 floor!
  2556 | D:3      | Reached ** piety under Fedhas
  2570 | D:3      | Reached skill level 1 in Invocations
  2637 | D:3      | Found a glowing golden altar of the Shining One.
  2851 | D:3      | Reached XP level 5. HP: 30/45 MP: 1/9
  3243 | D:3      | Found an opulent altar of Gozag.
  3243 | D:3      | Found a shimmering altar of Xom.
  3764 | D:4      | Found a shimmering blue altar of Sif Muna.
  3771 | D:4      | Noticed a phantom
  3811 | D:4      | Killed a phantom
  3812 | D:4      | Reached XP level 6. HP: 41/51 MP: 10/10
  3956 | D:3      | Reached skill level 4 in Translocations
  4112 | D:3      | Mangled by an orc wizard

Illustrated notes

Levels and vault maps discovered:
D:1:      scummos_arrival_star, layout_basic,
          shapermc_ecumenical_altar_rom_forum
D:2:      layout_basic, serial_corexii_hall, corexii_hall_statues_deadend,
          corexii_hall_statues_x, chequers_hall_statues_wall_a,
          uniq_crazy_yiuf_cottage
D:3:      layout_basic, lemuel_tele_altar, gammafunk_temple_overflow_pools
D:4:      layout_gridville, lemuel_crystal_altar,
          minmay_temple_entry_gardened_gates

Skill      XL: |  1  2  3  4  5  6 |
---------------+-------------------+-----
Fighting       | 3 |  3.5
Invocations    | 1 2 |  2.0
Dodging        | 3 |  3.2
Polearms       | 3 |  3.2
Spellcasting   | 3 |  3.1
Translocations | 4 |  4.0
Throwing       | |  0.8

Action                   |  1- 3 |  4- 6 || total
-------------------------+-------+-------++-------
Melee: Spear             |   154 |   171 ||   325
       Tailslap          |    20 |    13 ||    33
 Cast: Gell's Gravitas   |       |     6 ||     6
  Use: Scroll            |       |     4 ||     4
       Potion            |       |     4 ||     4
 Stab: Sleeping          |     2 |     1 ||     3
       Held in net/web   |     1 |       ||     1
       Distracted        |       |     1 ||     1
Armor: Skin              |    30 |    51 ||    81
Dodge: Dodged            |    68 |    68 ||   136
